 Dungeon Crawl Stone Soup version 0.23.2-1-ga50397a (webtiles) character file.

Game seed: 10741223818257848336

99 Kairos the Shooter (level 4, -6/36 HPs)
             Began as a Centaur Arcane Marksman on Apr 23, 2019.
             Mangled by Natasha (7 damage)
             ... on level 2 of the Dungeon.
             The game lasted 00:03:02 (2186 turns).

Kairos the Shooter (Centaur Arcane Marksman)        Turns: 2186, Time: 00:03:03

Health: -6/36      AC:  6    Str: 13    XL:     4   Next: 45%
Magic:  5/5        EV:  7    Int: 12    God:
Gold:   67         SH:  0    Dex: 10    Spells: 4/5 levels left

rFire    . . .     SeeInvis .   i - +0 spear
rCold    + . .     Gourm    .   (no shield)
rNeg     . . .     Faith    .   n - +0 scale mail (curse)
rPois    .         Spirit   .   (no helmet)
rElec    .         Reflect  .   (no cloak)
rCorr    .         Harm     .   (no gloves)
MR       .....                  (no barding)
Stlth    ..........             (no amulet)
HPRegen  0.12/turn              k - ring of protection from cold
MPRegen  0.09/turn              (no ring)

@: slowed
A: large, hooves 3, deformed body, speed 2, tough skin 3
a: no special abilities


You were on level 2 of the Dungeon.
You were hungry.

You visited 1 branch of the dungeon, and saw 2 of its levels.

You collected 67 gold pieces.

Inventory:

Hand Weapons
 a - a +1 shortbow
 i - a +0 spear (weapon)
Missiles
 d - 8 arrows
Armour
 e - a +0 robe
 n - a cursed +0 scale mail (worn)
Jewellery
 k - a ring of protection from cold (left hand)
Scrolls
 b - 3 scrolls of amnesia
 c - 2 scrolls of teleportation
 g - a scroll of blinking
Potions
 h - a potion of haste
 j - a potion of curing
 l - a potion of brilliance {unknown}
Comestibles
 f - 7 rations


   Skills:
 + Level 1.6 Fighting
 + Level 5.4 Bows
 + Level 1.5 Dodging
 + Level 1.0 Spellcasting
 + Level 3.0 Hexes


You had 4 spell levels left.
You knew the following spells:

 Your Spells              Type           Power        Failure   Level  Hunger
a - Corona                Hex            #......      41%         1    ##.....

Your spell library contained the following spells:

 Spells                   Type           Power        Failure   Level  Hunger
 Slow                     Hex            #.......     54%         2    ###....
 Inner Flame              Hex/Fire       #.......     94%         3    ####...
 Portal Projectile        Hex/Tloc       #.....       94%         3    ####...
 Cause Fear               Hex            #.........   99%         4    #####..
 Leda's Liquefaction      Hex/Erth       #.........   100%        4    #####..


Dungeon Overview and Level Annotations

Branches:
Dungeon (2/15)

Altars:

Annotations:
D:2 Natasha


Innate Abilities, Weirdness & Mutations

You have hooves in place of feet.
Armour fits poorly on your strangely shaped body.
You cover ground very quickly.
You have extremely tough skin. (AC +3)


Message History

Natasha barely misses you.
You closely miss Natasha.
Natasha is moderately wounded.
Natasha claws you.
* * * LOW HITPOINT WARNING * * *
Natasha claws you.
* * * LOW HITPOINT WARNING * * *
You miss Natasha. You kick Natasha.
Natasha is moderately wounded.
The crimson imp disappears in a puff of smoke!
Natasha barely misses you.
Natasha stares at you and mumbles some strange words.
You resist with some effort.
You hit Natasha.
Natasha is heavily wounded.
Natasha casts a spell.
You hit Natasha.
Natasha is almost dead.
Natasha barely misses you. Natasha claws you!
You die...

####### ##.....## ##.......##
#.........# ########
#.........# .......#
#.........# .......#
#.........# .......#
##########.........#
.......###......@h5........##
.......<...########.........#
.).....##### #.........#
.......# #.........# .......#
#.........# .......#
#.......>.# .......#
##.......## .####.##
##....>## .# #..# ##.####


You could see Natasha and a crimson imp.

Vanquished Creatures
  Natasha (twice) (D:2)
  2 adders (D:2)
  A dart slug (D:1)
  A leopard gecko (D:1)
  3 giant cockroaches (D:1)
  4 goblins (D:1)
  2 hobgoblins
  6 kobolds
  A ball python (D:1)
  3 bats
  4 frilled lizards (D:1)
  3 rats (D:1)
32 creatures vanquished.

Notes
Turn   | Place    | Note
-------+----------+-------------------------------------------
     0 | D:1      | Kairos the Centaur Arcane Marksman began the quest for the
                  | Orb.
     0 | D:1      | Reached XP level 1. HP: 16/16 MP: 2/2
    56 | D:1      | Reached skill level 3 in Bows
   223 | D:1      | Reached XP level 2. HP: 9/23 MP: 3/3
  1104 | D:1      | Reached skill level 4 in Bows
  1307 | D:2      | Reached XP level 3. HP: 23/28 MP: 4/4
  1410 | D:2      | Noticed Natasha
  1415 | D:2      | Killed Natasha
  1549 | D:2      | Noticed Natasha
  1565 | D:2      | Killed Natasha
  1565 | D:2      | Reached skill level 5 in Bows
  1565 | D:2      | Reached XP level 4. HP: 16/35 MP: 5/5
  1621 | D:2      | Noticed Natasha
  2183 | D:2      | HP: 1/36 [Natasha (3)]
  2186 | D:2      | Mangled by Natasha

Skill      XL: |  1  2  3 |
---------------+----------+-----
Bows           | 3 4 5 |  5.4
Hexes          | 3 |  3.0
Fighting       | |  1.6
Dodging        | |  1.5
Spellcasting   | |  1.0

Action                   |  1- 3 |  4- 6 || total
-------------------------+-------+-------++-------
Melee: Spear             |     6 |    39 ||    45
       Kick              |       |     4 ||     4
 Fire: Shortbow          |   109 |       ||   109
  Use: Scroll            |     2 |     2 ||     4
       Potion            |       |     2 ||     2
  Eat: Chunk             |       |     2 ||     2
Armor: Robe              |    18 |       ||    18
       Scale mail        |       |     9 ||     9
Dodge: Dodged            |    41 |    20 ||    61
